 Dungeon Crawl Stone Soup version 0.29-a0-378-gc08b2e8bf8 (webtiles) character file.

Game seed: 1950998346440949762

358 spaghetti the Ruffian (level 6, -1/47 HPs)
             Began as a Gnoll Wanderer on May 4, 2022.
             Was a Priest of Lugonu.
             Slain by a gnoll shaman
             ... wielding a +0 club
              (6 damage)
             ... on level 4 of the Dungeon.
             The game lasted 00:11:02 (4319 turns).

spaghetti the Ruffian (Gnoll Wanderer)              Turns: 4319, Time: 00:11:02

Health: -1/47      AC:  7    Str: 20    XL:     6   Next: 64%
Magic:  8/8        EV: 12    Int: 13    God:    Lugonu [***...]
Gold:   215        SH:  0    Dex: 11    Spells: 9/9 levels left

rFire   . . .      SeeInvis .   a - +0 club (elec) {mace}
rCold   . . .      Faith    .   (no shield)
rNeg    . . .      Spirit   .   e - +0 leather armour
rPois   .          Reflect  .   i - +2 helmet
rElec   .          Harm     .   j - scarf {repulsion}
rCorr   .          Rampage  .   (no gloves)
Will    .....                   (no boots)
Stlth   +.........              (no amulet)
HPRegen 0.15/turn               m - +6 ring of intelligence
MPRegen 0.11/turn               (no ring)

@: lit by a corona, glowing, repel missiles
A: fangs 1, strong nose, distributed training, frail 1, low MP 1, strong 1,
subdued magic 1
a: Renounce Religion, Depart the Abyss, Bend Space, Banish


You were on level 4 of the Dungeon.
You worshipped Lugonu.
Lugonu was most pleased with you.
You visited 1 branch of the dungeon, and saw 5 of its levels.

You collected 215 gold pieces.


Innate Abilities, Weirdness & Mutations

You have very sharp teeth.
Your uncanny sense of smell can sniff out nearby items.
Your experience applies equally to all skills.
You are frail. (-10% HP)
Your magical capacity is low. (-10% MP)
Your muscles are strong. (Str +2)
Your spells are a little easier to cast, but a little less powerful.


   Skills:
 + Level 6.8 Fighting
 + Level 2.0 Short Blades
 + Level 2.0 Long Blades
 + Level 2.0 Axes
 + Level 2.0 Maces & Flails
 + Level 2.0 Polearms
 + Level 2.0 Staves
 + Level 2.0 Slings
 + Level 2.0 Bows
 + Level 2.0 Crossbows
 + Level 2.0 Throwing
 + Level 6.8 Armour
 + Level 2.0 Dodging
 + Level 3.1 Stealth
 + Level 2.0 Shields
 + Level 6.8 Unarmed Combat
 + Level 2.0 Spellcasting
 + Level 1.6 Conjurations
 + Level 1.6 Hexes
 + Level 1.6 Summonings
 + Level 1.6 Necromancy
 + Level 1.6 Translocations
 + Level 1.6 Transmutations
 + Level 1.6 Fire Magic
 + Level 1.6 Ice Magic
 + Level 1.6 Air Magic
 + Level 1.6 Earth Magic
 + Level 1.6 Poison Magic
 + Level 2.2 Invocations
 + Level 2.0 Evocations


You had 9 spell levels left.
You didn't know any spells.
Your spell library contained the following spells:

 Spells                   Type           Power      Damage    Failure   Level
 Freeze                   Ice            16%        1d4       13%         1
 Blink                    Tloc           8%         N/A       19%         2
 Frozen Ramparts          Ice            8%         1d2       36%         3
 Gell's Gravitas          Tloc           4%         N/A       36%         3
 Lesser Beckoning         Tloc           4%         N/A       36%         3
 Teleport Other           Tloc           4%         N/A       36%         3
 Hailstorm                Conj/Ice       4%         3d4       80%         4
 Manifold Assault         Tloc           4%         N/A       98%         5
 Dispersal                Tloc           2%         N/A       100%        6

Inventory:

Hand Weapons
 a - a +0 club of electrocution (weapon) {mace}
Missiles
 b - 107 stones (quivered) {throwing}
 c - 6 boomerangs {throwing}
 h - 5 javelins {throwing}
Armour
 e - a +0 leather armour (worn)
 i - a +2 helmet (worn)
   (You found it on level 1 of the Dungeon)
 j - a scarf of repulsion (worn)
   (You found it on level 1 of the Dungeon)
Jewellery
 m - a +6 ring of intelligence (left hand)
   (You found it on level 2 of the Dungeon)
Scrolls
 d - 3 scrolls of teleportation {@r4}
 g - a scroll of silence {unknown}
 l - 2 scrolls of enchant armour
 n - a scroll of noise {!r}
 o - a scroll of identify {@r1}
Potions
 p - a potion of brilliance

Dungeon Overview and Level Annotations

Branches:
Dungeon (5/15)
 Temple: D:4-7

Altars:
Lugonu

Shops:
D:3 : D:4

! .................#####....##
.......<#........#####....#
........#.#.......#.....###
.......##.#..............#
.........∩...............######
........#.##.##...##....##....##
.....#.##........##.....#......##
.....##........[)...............#
...........##..)@#..............#
......##...##..g####.............
....#####..##......##............
....## ##.....#.#.............###
.....# #.....#####....####...##
....## #......###.....[# ###.#
....# ##.#...#........# ###
....####..##..........##
.....##...###..........#


You could see a gnoll shaman.


Message History

😮 HP[-1]
You take 1 damage, and now have 28/47 hp.
You hit the gnoll shaman.
The gnoll shaman calls down the wrath of its god upon you.
You are outlined in light.
The orc closely misses you.
You barely miss the gnoll shaman.
The gnoll shaman hits you but does no damage.
The orc hits you with a +0 trident!
* * * LOW HITPOINT WARNING * * *
😨 HP[-7]
You take 7 damage, and now have 21/47 hp.
You feel much better.
The gnoll shaman mumbles some strange prayers to its god.
The gnoll shaman is healed somewhat.
The orc closely misses you. 😕 HP[+16]
You regained 16 hp, and now have 37/47 hp.
You hit the gnoll shaman but do no damage.
The gnoll shaman hits you with a +0 club.
The orc hits you but does no damage.
The orc wizard hits you with a +2 vampiric dagger.
The orc hits you but does no damage.
The gnoll shaman hits you but does no damage. 😮 HP[-6]
You take 6 damage, and now have 31/47 hp.
You barely miss the gnoll shaman. The orc wizard closely misses you.
The gnoll shaman hits you with a +0 club.
The orc hits you but does no damage. 😮 HP[-5]
You take 5 damage, and now have 26/47 hp.
Unknown command.
Unknown command.
You hit the gnoll shaman.
The orc wizard hits you with a +2 vampiric dagger.
The orc misses you.
The gnoll shaman mumbles some strange prayers to its god.
The gnoll shaman is healed somewhat.
The orc wizard hits you but does no damage. 😮 HP[-2]
You take 2 damage, and now have 24/47 hp.
You barely miss the gnoll shaman. You punch the gnoll shaman.
The gnoll shaman hits you with a +0 club.
* * * LOW HITPOINT WARNING * * *
The orc closely misses you.
The orc wizard gestures at you while chanting.
The puff of flame hits you!
* * * LOW HITPOINT WARNING * * *
😱 HP[-14]
You take 14 damage, and now have 10/47 hp.
MASSIVE DAMAGE!! (PAUSE) Unknown command.
Really read
f - a scroll of blinking {!r}?
Blink to where?
Press: ? - help, Dir - move target
As you read the scroll of blinking {!r}, it crumbles to dust.
The gnoll shaman closely misses you. The orc barely misses you.
You climb upwards.
There is a stone staircase leading down here.
Unknown command.
You barely miss the gnoll shaman. You punch the gnoll shaman.
The gnoll shaman utters an invocation to its god.
The gnoll shaman is healed somewhat. 😱 HP[+1]
You hit the gnoll shaman but do no damage.
The gnoll shaman hits you with a +0 club.
* * * LOW HITPOINT WARNING * * *
The gnoll shaman hits you with a +0 club.
* * * LOW HITPOINT WARNING * * *
😱 HP[-4]
You take 4 damage, and now have 7/47 hp.
Unknown command.
Unknown command.
You feel much better.
The gnoll shaman hits you with a +0 club.
* * * LOW HITPOINT WARNING * * *
😨 HP[+13]
You regained 13 hp, and now have 20/47 hp.
You hit the gnoll shaman but do no damage.
Your punch misses the gnoll shaman.
The gnoll shaman hits you with a +0 club.
* * * LOW HITPOINT WARNING * * *
😨 HP[-6]
You take 6 damage, and now have 14/47 hp.
You hit the gnoll shaman.
The gnoll shaman hits you with a +0 club!
* * * LOW HITPOINT WARNING * * *
😱 HP[-8]
You take 8 damage, and now have 6/47 hp.
You hit the gnoll shaman.
You bite the gnoll shaman, but do no damage.
The gnoll shaman closely misses you.
Unknown command.
Unknown command.
You barely miss the gnoll shaman.
The gnoll shaman hits you with a +0 club.
* * * LOW HITPOINT WARNING * * *
😱 HP[-1]
You take 1 damage, and now have 5/47 hp.
You hit the gnoll shaman but do no damage.
The gnoll shaman hits you with a +0 club.
You die...

Skill      XL: |  1  2  3  4  5  6 |
---------------+-------------------+-----
Invocations    | 1 2 |  2.2
Short Blades   | 1 2 |  2.0
Long Blades    | 1 2 |  2.0
Axes           | 1 2 |  2.0
Maces & Flails | 1 2 |  2.0
Polearms       | 1 2 |  2.0
Staves         | 1 2 |  2.0
Slings         | 1 2 |  2.0
Bows           | 1 2 |  2.0
Crossbows      | 1 2 |  2.0
Throwing       | 1 2 |  2.0
Dodging        | 1 2 |  2.0
Shields        | 1 2 |  2.0
Spellcasting   | 1 2 |  2.0
Evocations     | 1 2 |  2.0
Conjurations   | 1 |  1.6
Hexes          | 1 |  1.6
Summonings     | 1 |  1.6
Necromancy     | 1 |  1.6
Translocations | 1 |  1.6
Transmutations | 1 |  1.6
Fire Magic     | 1 |  1.6
Ice Magic      | 1 |  1.6
Air Magic      | 1 |  1.6
Earth Magic    | 1 |  1.6
Poison Magic   | 1 |  1.6
Stealth        | 3 |  3.1
Fighting       | |  6.8
Armour         | |  6.8
Unarmed Combat | |  6.8

Action                   |  1- 3 |  4- 6 || total
-------------------------+-------+-------++-------
Melee: Unarmed           |    55 |   134 ||   189
       Club              |     5 |    98 ||   103
       Bite              |     6 |    21 ||    27
       Punch             |       |    13 ||    13
Throw: Stone             |    63 |   129 ||   192
Invok: Bend Space        |       |     2 ||     2
  Use: Potion            |     1 |     3 ||     4
       Scroll            |       |     7 ||     7
 Stab: Sleeping          |       |     3 ||     3
Armor: Leather armour    |    17 |    86 ||   103
Dodge: Dodged            |    26 |   155 ||   181

Levels and vault maps discovered:
D:1:      tarquinn_simple_flora_water_f, layout_loops_ring
D:2:      layout_loops_ring, hellmonk_ecumenical_altar_inner_sanctum,
          serial_undead, serial_undead_d, serial_undead_b, serial_undead_b,
          serial_undead_d, uniq_jessica
D:3:      layout_loops_ring, portal_sewer_entry_a, serial_shops, shop,
          uniq_robin
D:4:      layout_cave_pools, serial_shops, nicolae_shop_crystal
D:5:      layout_basic, ebering_ghost_reflecting_pool, uniq_grinder

Notes
Turn   | Place    | Note
-------+----------+-------------------------------------------
     0 | D:1      | spaghetti the Gnoll Wanderer began the quest for the Orb.
     0 | D:1      | spaghetti set off with the following items: a +0 club
                  | {mace}, a potion of mutation {!q}, a +0 helmet, a scroll of
                  | teleportation {@r4}, a +0 leather armour, 2 scrolls of
                  | blinking {!r}
     0 | D:1      | Reached XP level 1. HP: 23/23 MP: 1/1
     0 | D:1      | magus.rc [v1.9.6]
    30 | D:1      | Gained mutation: Your magical capacity is low. (-10% MP)
                  | [potion of mutation]
    30 | D:1      | Gained mutation: Your spells are a little easier to cast,
                  | but a little less powerful. [potion of mutation]
    30 | D:1      | Gained mutation: You are frail. (-10% HP) [potion of
                  | mutation]
    30 | D:1      | Gained mutation: Your muscles are strong. (Str +2) [potion
                  | of mutation]
   170 | D:1      | Reached XP level 2. HP: 25/26 MP: 2/2
   726 | D:2      | Noticed Jessica
   736 | D:2      | Killed Jessica
   737 | D:2      | Reached skill level 1 in Invocations
   737 | D:2      | Reached XP level 3. HP: 31/31 MP: 2/3
   813 | D:2      | You pick up a book of Frost and begin reading...
   813 | D:2      | You add the spells Freeze, Frozen Ramparts and Hailstorm to
                  | your library.
   924 | D:2      | Reached skill level 1 in Short Blades
   924 | D:2      | Reached skill level 1 in Long Blades
   924 | D:2      | Reached skill level 1 in Axes
   924 | D:2      | Reached skill level 1 in Maces & Flails
   924 | D:2      | Reached skill level 1 in Polearms
   924 | D:2      | Reached skill level 1 in Staves
   924 | D:2      | Reached skill level 1 in Slings
   924 | D:2      | Reached skill level 1 in Bows
   924 | D:2      | Reached skill level 1 in Crossbows
   924 | D:2      | Reached skill level 1 in Throwing
   924 | D:2      | Reached skill level 1 in Dodging
   924 | D:2      | Reached skill level 1 in Shields
   924 | D:2      | Reached skill level 1 in Spellcasting
   924 | D:2      | Reached skill level 1 in Evocations
  1104 | D:2      | Reached XP level 4. HP: 34/36 MP: 5/5
  1549 | D:2      | Found a faded altar of an unknown god.
  1552 | D:2      | Prayed at the altar of an unknown god.
  1552 | D:2      | Became a worshipper of Lugonu the Unformed
  1552 | D:2      | Reached * piety under Lugonu
  1552 | D:2      | Reached ** piety under Lugonu
  1779 | D:3      | Reached skill level 1 in Conjurations
  1779 | D:3      | Reached skill level 1 in Hexes
  1779 | D:3      | Reached skill level 1 in Summonings
  1779 | D:3      | Reached skill level 1 in Necromancy
  1779 | D:3      | Reached skill level 1 in Translocations
  1779 | D:3      | Reached skill level 1 in Transmutations
  1779 | D:3      | Reached skill level 1 in Fire Magic
  1779 | D:3      | Reached skill level 1 in Ice Magic
  1779 | D:3      | Reached skill level 1 in Air Magic
  1779 | D:3      | Reached skill level 1 in Earth Magic
  1779 | D:3      | Reached skill level 1 in Poison Magic
  1784 | D:3      | You pick up a book of Spatial Translocations and begin
                  | reading...
  1784 | D:3      | You add the spells Blink, Lesser Beckoning and Manifold
                  | Assault to your library.
  1930 | D:3      | You add the spells Gell's Gravitas, Teleport Other and
                  | Dispersal to your library.
  1968 | D:3      | Noticed Robin
  1994 | D:3      | Killed Robin
  1995 | D:3      | Reached XP level 5. HP: 37/42 MP: 6/6
  2123 | D:3      | Found a glowing drain.
  2171 | D:3      | Reached *** piety under Lugonu
  2619 | D:3      | Found Nitamucze's Book Emporium.
  3218 | D:4      | Found Meman's Distillery.
  3305 | D:4      | Reached skill level 3 in Stealth
  3305 | D:4      | Reached skill level 2 in Invocations
  3305 | D:4      | Reached XP level 6. HP: 27/47 MP: 6/7
  3541 | D:4      | Reached skill level 2 in Short Blades
  3541 | D:4      | Reached skill level 2 in Long Blades
  3541 | D:4      | Reached skill level 2 in Axes
  3541 | D:4      | Reached skill level 2 in Maces & Flails
  3541 | D:4      | Reached skill level 2 in Polearms
  3541 | D:4      | Reached skill level 2 in Staves
  3541 | D:4      | Reached skill level 2 in Slings
  3541 | D:4      | Reached skill level 2 in Bows
  3541 | D:4      | Reached skill level 2 in Crossbows
  3541 | D:4      | Reached skill level 2 in Throwing
  3541 | D:4      | Reached skill level 2 in Dodging
  3541 | D:4      | Reached skill level 2 in Shields
  3541 | D:4      | Reached skill level 2 in Spellcasting
  3541 | D:4      | Reached skill level 2 in Evocations
  3790 | D:5      | Entered Level 5 of the Dungeon
  3981 | D:5      | HP: 9/47 [gnoll shaman/+0 club (5)]
  3983 | D:5      | HP: 2/47 [something/puff of flame (3)]
  4308 | D:5      | HP: 10/47 [orc wizard/puff of flame (10)]
  4313 | D:4      | HP: 8/47 [gnoll shaman/+0 club (3)]
  4318 | D:4      | HP: 5/47 [gnoll shaman/+0 club (2)]
  4319 | D:4      | Slain by a gnoll shaman

Vanquished Creatures
  2 scorpions (D:4)
  Jessica (D:2)
  Robin (D:3)
  3 gnolls
  A river rat (D:3)
  5 adders
  An adder skeleton (D:2)
  An adder zombie (D:2)
  5 worms
  6 orcs
  4 bats
  A bat zombie (D:2)
  3 endoplasms
  8 giant cockroaches
  9 goblins
  14 hobgoblins
  2 jackals (D:1)
  3 quokkas
  8 ball pythons
  A ball python zombie (D:2)
  3 frilled lizards
  A giant cockroach zombie (D:2)
  6 kobolds
  8 rats
97 creatures vanquished.

Vanquished Creatures (others)
  5 withered plants (D:2)
5 creatures vanquished.

Grand Total: 102 creatures vanquished

Table legend:
 A = Non-vault XP
 B = Vault XP
 C = Vault XP percentage of total XP
 D = Non-vault monster count
 E = Vault monster count
 F = Vault count percentage of total count
                 A         B        C        D         E       F
            +---------+---------+-------+---------+---------+-------
      Total |     396 |     116 |  22.7 |      72 |      25 |  25.8
            +---------+---------+-------+---------+---------+-------
        D:1 |      25 |       0 |   0.0 |      15 |       0 |   0.0
        D:2 |      40 |      51 |  56.0 |      19 |       6 |  24.0
        D:3 |      63 |      65 |  50.8 |      18 |      19 |  51.4
        D:4 |     254 |       0 |   0.0 |      19 |       0 |   0.0
        D:5 |      14 |       0 |   0.0 |       1 |       0 |   0.0
            +---------+---------+-------+---------+---------+-------

Illustrated notes

Table legend:
 A = Kills in this place as a percentage of kills in entire the game.
 B = Kills by you in this place as a percentage of kills by you in the entire game.
 C = Kills by friends in this place as a percentage of kills by friends in the entire game.
 D = Other kills in this place as a percentage of other kills in the entire game.
 E = Experience gained in this place as a percentage of experience gained in the entire game.
 F = Experience gained in this place divided by the number of levels of this place that you have seen.
                   A       B       C       D       E      F
               +-------+-------+-------+-------+-------+----------------------
         Total | 100.0 | 100.0 |   N/A |   N/A | 100.0 | 102.4
       Dungeon | 100.0 | 100.0 |   N/A |   N/A | 100.0 | 102.4
               +-------+-------+-------+-------+-------+----------------------

Table legend: (Time is in decaauts)
 A = Elapsed time spent in this place.
 B = Non-inter-level travel time spent in this place.
 C = Inter-level travel time spent in this place.
 D = Time resting spent in this place.
 E = Time spent auto-exploring this place.
 F = Levels seen in this place.
 G = Mean time per level.
                   A        B        C        D        E       F      G
               +--------+--------+--------+--------+--------+-----+--------+
         Total |   4331 |   4261 |     70 |    825 |   2636 |   5 |  866.2 |
       Dungeon |   4331 |   4261 |     70 |    825 |   2636 |   5 |  866.2 |
               +--------+--------+--------+--------+--------+-----+--------+

Top non-repeatable levels by time:
     D:4: 1281 daAuts
     D:2: 1172 daAuts
     D:3: 1119 daAuts
     D:1: 701 daAuts
     D:5: 56 daAuts
